 Dungeon Crawl Stone Soup version 0.29-a0-359-g541a27f54d (webtiles) character file.

Game seed: 13581028014361945640

379 Iusername the Cudgeller (level 6, -2/55 HPs)
             Began as a Minotaur Fighter on Apr 27, 2022.
             Slain by a black bear (4 damage)
             ... on level 4 of the Dungeon.
             The game lasted 00:02:12 (2348 turns).

Iusername the Cudgeller (Minotaur Fighter)          Turns: 2348, Time: 00:02:13

Health: -2/55      AC:  7    Str: 23    XL:     6   Next: 45%
Magic:  5/5        EV:  6    Int:  5    God:
Gold:   185        SH:  4    Dex:  9    Spells: 5/5 levels left

rFire   . . .      SeeInvis .   a - +0 flail
rCold   . . .      Faith    .   c - +0 buckler
rNeg    . . .      Spirit   .   b - +0 scale mail
rPois   .          Reflect  .   (helmet restricted)
rElec   .          Harm     .   (no cloak)
rCorr   .          Rampage  .   (no gloves)
Will    .....                   (no boots)
Stlth   ..........              (no amulet)
HPRegen 0.18/turn               (no ring)
MPRegen 0.09/turn               (no ring)

@: mighty, constricted
A: horns 2, retaliatory headbutt
a: no special abilities


You were on level 4 of the Dungeon.
You visited 1 branch of the dungeon, and saw 4 of its levels.

You collected 185 gold pieces.

Inventory:

Hand Weapons
 a - a +0 flail (weapon)
Armour
 b - a +0 scale mail (worn)
 c - a +0 buckler (worn)
Jewellery
 e - a +6 ring of dexterity
Wands
 l - a wand of flame (12)
Scrolls
 f - 4 scrolls of vulnerability {unknown}
 g - a scroll of magic mapping {unknown}
 h - 2 scrolls of blinking {unknown}
 j - 2 scrolls of brand weapon {unknown}
 k - 2 scrolls of identify {unknown}
 m - a scroll of teleportation {unknown}
 n - a scroll of noise {unknown}
Potions
 i - a potion of berserk rage {unknown}
 o - 2 potions of mutation {unknown}


   Skills:
 + Level 4.8 Fighting
 + Level 5.7 Maces & Flails
 + Level 5.2 Armour
 + Level 1.4 Dodging
 + Level 0.4 Stealth
 + Level 4.4 Shields


You had 5 spell levels left.
You didn't know any spells.
Your spell library was empty.

Dungeon Overview and Level Annotations

Branches:
Dungeon (3/15)

Altars:


Innate Abilities, Weirdness & Mutations

You have a pair of horns on your head.
You reflexively headbutt those who attack you in melee.


Message History

The black bear bites you. You block the black bear's attack.
The black bear claws you but does no damage.
The ball python bites you but does no damage.
The ball python closely misses you. The black bear bites you.
The black bear claws you but does no damage.
The black bear claws you. The phantom barely misses you.
There are monsters nearby!
You are too injured to fight recklessly!
There are monsters nearby!
You are too injured to fight recklessly!
There are monsters nearby!
Unknown command.
You are too injured to fight recklessly!
Unknown command.
There are monsters nearby!
You are too injured to fight recklessly!
There are monsters nearby!
You feel very mighty all of a sudden. You block the black bear's attack.
The black bear claws you but does no damage. x2
You block the ball python's attack. The ball python barely misses you.
The phantom hits you.
The black bear bites you but does no damage.
The black bear claws you.
* * * LOW HITPOINT WARNING * * *
The black bear claws you but does no damage.
You barely miss the phantom.
The ball python bites you but does no damage.
The ball python closely misses you. The black bear bites you!
* * * LOW HITPOINT WARNING * * *
The black bear claws you but does no damage.
The black bear claws you.
* * * LOW HITPOINT WARNING * * *
The phantom hits you but does no damage.
You block the ball python's attack. The ball python grabs you.
The ball python constricts you.
You thump the phantom!
The phantom is heavily damaged.
The black bear barely misses you. The black bear claws you.
You die...

####.. #..#.# #..#.# ##..#.# .
## ## ......# ###.. .###...
.##.#.###..... ##.......
###.......#..# ##.†......
###.........#####h.# ..
.......###......@S## ...
#.###...........W.### ##..
..##....##..#####...### ##.... #
#..#.##..## ###...###...#
###.##.#..### ###.......#
............#######.........#
........................[)..#
...######...####..###...........
#########...#....## ########....


You could see a black bear (berserk), a phantom and a ball python.

Vanquished Creatures
  A black bear (D:4)
  A phantom (D:3)
  A necrophage (D:4)
  A howler monkey (D:4)
  Natasha (D:2)
  2 adders
  2 worms (D:2)
  2 dart slugs (D:1)
  3 orcs (D:4)
  5 bats
  5 endoplasms
  2 giant cockroaches
  6 goblins
  5 hobgoblins
  2 jackals (D:2)
  4 quokkas
  8 ball pythons
  3 frilled lizards
  3 kobolds
  3 rats
60 creatures vanquished.

Notes
Turn   | Place    | Note
-------+----------+-------------------------------------------
     0 | D:1      | Iusername the Minotaur Fighter began the quest for the Orb.
     0 | D:1      | Reached XP level 1. HP: 19/19 MP: 0/0
    31 | D:1      | Found a faded altar of an unknown god.
   180 | D:1      | Reached XP level 2. HP: 27/27 MP: 1/1
   659 | D:1      | Reached XP level 3. HP: 33/33 MP: 2/2
  1643 | D:2      | Noticed Natasha
  1647 | D:2      | Killed Natasha
  1648 | D:2      | Reached XP level 4. HP: 34/41 MP: 3/3
  1829 | D:3      | Noticed a phantom
  1835 | D:3      | Killed a phantom
  1836 | D:3      | Reached XP level 5. HP: 44/47 MP: 4/4
  1854 | D:3      | You fall into a shaft and drop 1 floor!
  1859 | D:4      | Reached skill level 1 in Dodging
  1975 | D:4      | Reached skill level 5 in Maces & Flails
  2084 | D:4      | Noticed a black bear
  2096 | D:4      | Killed a black bear
  2097 | D:4      | Reached skill level 5 in Armour
  2097 | D:4      | Reached XP level 6. HP: 31/53 MP: 5/5
  2347 | D:4      | HP: 2/55 [black bear (6)]
  2348 | D:4      | Slain by a black bear

Illustrated notes

Levels and vault maps discovered:
D:1:      scummos_arrival_hexagon, layout_rooms, basic_ecumenical_altar,
          roderic_lattice_a, minmay_pentomino_w4
D:2:      layout_loops_ring, uniq_natasha
D:3:      layout_basic, nicolae_hepliaklqana_hazy_memory, wad_orctagon,
          uniq_jessica
D:4:      layout_rooms, uniq_crazy_yiuf_cottage

Skill      XL: |  1  2  3  4  5 |
---------------+----------------+-----
Shields        | 4 |  4.4
Armour         | 4 5 |  5.2
Fighting       | 4 |  4.8
Maces & Flails | 3 4 5 |  5.7
Dodging        | 1 |  1.4
Stealth        | |  0.4

Action                   |  1- 3 |  4- 6 || total
-------------------------+-------+-------++-------
Melee: Flail             |    89 |    74 ||   163
       Headbutt          |     9 |    15 ||    24
  Use: Potion            |       |     1 ||     1
Armor: Scale mail        |    55 |    47 ||   102
Dodge: Dodged            |    43 |    51 ||    94
Block: Buckler           |    23 |    24 ||    47

Table legend: (Time is in decaauts)
 A = Elapsed time spent in this place.
 B = Non-inter-level travel time spent in this place.
 C = Inter-level travel time spent in this place.
 D = Time resting spent in this place.
 E = Time spent auto-exploring this place.
 F = Levels seen in this place.
 G = Mean time per level.
                   A        B        C        D        E       F      G
               +--------+--------+--------+--------+--------+-----+--------+
         Total |   2387 |   2330 |     57 |      0 |   1987 |   4 |  596.8 |
       Dungeon |   2387 |   2330 |     57 |      0 |   1987 |   4 |  596.8 |
               +--------+--------+--------+--------+--------+-----+--------+

Top non-repeatable levels by time:
     D:1: 967 daAuts
     D:2: 889 daAuts
     D:4: 504 daAuts
     D:3: 26 daAuts
